 Dungeon Crawl Stone Soup version 0.22-b1-21-g5cfc168 (webtiles) character file.

16 Lilu the Conjurer (level 2, 0/15 HPs)
             Began as a Deep Elf Conjurer on Aug 3, 2018.
             Slain by a dart slug (2 damage)
             ... on level 1 of the Dungeon.
             The game lasted 00:03:00 (561 turns).

Lilu the Conjurer (Deep Elf Conjurer)                Turns: 561, Time: 00:03:01

Health: 0/15       AC:  2    Str:  5    XL:     2   Next: 41%
Magic:  3/8        EV: 13    Int: 19    God:
Gold:   0          SH:  0    Dex: 15    Spells: 4/7 levels left

rFire    . . .     SeeInvis .   h - +1 whip (freeze)
rCold    . . .     Gourm    .   (no shield)
rNeg     . . .     Faith    .   a - +0 robe
rPois    .         Spirit   .   (no helmet)
rElec    .         Reflect  .   (no cloak)
rCorr    .         Harm     .   (no gloves)
MR       .....                  (no boots)
Stlth    ++........             (no amulet)
HPRegen  0.05/turn              (no ring)
MPRegen  0.11/turn              (no ring)

@: no status effects
A: no striking features
a: no special abilities


You were on level 1 of the Dungeon.
You were not hungry.

You visited 1 branch of the dungeon, and saw 1 of its levels.

Inventory:

Hand Weapons
 h - a +1 whip of freezing (weapon)
Armour
 a - a +0 robe (worn)
Scrolls
 e - a scroll of amnesia {unknown}
Potions
 b - a potion of degeneration {unknown}
 d - a potion of cancellation {unknown}
 f - a potion of curing {unknown}
Comestibles
 c - a ration
 g - 6 chunks of flesh


   Skills:
 - Level 2.4 Dodging
 - Level 2.4 Stealth
 - Level 3.0 Spellcasting
 + Level 5.1 Conjurations


You had 4 spell levels left.
You knew the following spells:

 Your Spells              Type           Power        Failure   Level  Hunger
a - Magic Dart            Conj           ###.         1%          1    None
b - Searing Ray           Conj           ###...       2%          2    ##.....

Your spell library contained the following spells:

 Spells                   Type           Power        Failure   Level  Hunger
 Iskenderun's Mystic Bla  Conj           ###.....     19%         4    ####...
 Fulminant Prism          Conj/Hex       ##........   45%         4    ####...
 Dazzling Spray           Conj/Hex       ##....       16%         3    ###....
 Force Lance              Conj/Tloc      ##......     45%         4    ####...


Dungeon Overview and Level Annotations

Branches:
Dungeon (1/15)

Altars:


Message History

The dart slug bites you but does no damage.
The dart slug misses you. The dart slug closely misses you.
The dart slug launches a dart at you. The slug dart misses you.
Casting: Magic Dart (safe; 1% risk of failure)
Confirm with . or Enter, or press ? or * to list all spells.
Aiming: Magic Dart (safe; 1% risk of failure)
Press: ? - help, Shift-Dir - straight line, f/p - dart slug
Aim: a dart slug (severely wounded, clinging)
The magic dart hits the dart slug.
You kill the dart slug!
The frilled lizard hisses angrily.
The ooze hits you.
* * * LOW HITPOINT WARNING * * *
You hit the dart slug. You freeze the dart slug.
The dart slug is moderately wounded.
The ooze hits you.
* * * LOW HITPOINT WARNING * * *
The dart slug bites you.
You die...

...............w........>
..................###..
.........####.###.#... ##
.....)...# #w###.#.# ## ..
.######### #..g....# . #. ...##
##########...#.# #.. ....#
.............#.#.. #.. ....#
................. # # ....#
.........@...#.###.# # ....#
.........wJ..# ....# ##### ....#
######....g..#...... #.... ....#
######.#####l..# # ###.### ....#
#......# #..K..# #...#
.รท..####......###g#..># #'#.###
.............g.##.#.#.....#.#....
##.............##.#########'#####
#.............##.#..............


You could see an ooze, a dart slug, a hobgoblin, a kobold and a frilled lizard.

Vanquished Creatures
  2 dart slugs (D:1)
  A leopard gecko (D:1)
  A bat (D:1)
  2 goblins (D:1)
  2 hobgoblins (D:1)
  A kobold (D:1)
  2 rats (D:1)
11 creatures vanquished.

Notes
Turn   | Place    | Note
-------+----------+-------------------------------------------
     0 | D:1      | Lilu the Deep Elf Conjurer began the quest for the Orb.
     0 | D:1      | Reached XP level 1. HP: 10/10 MP: 6/6
   386 | D:1      | Reached XP level 2. HP: 15/15 MP: 4/8
   408 | D:1      | Learned a level 2 spell: Searing Ray
   446 | D:1      | Reached skill level 5 in Conjurations
   561 | D:1      | Slain by a dart slug

Skill      XL: |  1  2 |
---------------+-------+-----
Conjurations   | 5 |  5.1
Dodging        | |  2.4
Stealth        | |  2.4
Spellcasting   | |  3.0

Action                   || total
-------------------------++-------
Melee: Whip              ||     3
 Cast: Magic Dart        ||    29
Armor: Robe              ||     1
Dodge: Dodged            ||     7
